Map: Orbital Shipyard

Players

Sideni - Winner!

  • Race: Terran Terran
  • League: Diamond

LilDicky

  • Race: Terran Terran
  • League: Diamond

VOD

http://www.twitch.tv/tumescentpie

Description

Time

  • Played on: Nov. 30, 2015, 9 a.m.
  • Length: 17:52
Show
View Real Time Build Order
Export as new Build Order

Sideni Terran - Winner!

Build Orders: MMM Bio 

Get SALT Encoding   

  12  0:01  SCV  
  13  0:13  SCV  
  14  0:17  Supply Depot  
  14  0:25  SCV  
  15  0:39  SCV  
  15  0:41  Barracks  
  16  0:48  Refinery  
  16  0:52  SCV  
  17  1:05  SCV  
  18  1:17  SCV  
  19  1:29  Orbital Command  
  19  1:32  Barracks Tech Lab  
  19  1:49  Supply Depot  
  19  1:52  Marine  
  20  1:55  SCV  
  20  1:59  Command Center  
  21  2:06  Combat Shields  
  21  2:12  SCV  
  21  2:13  Marine  
  23  2:18  Barracks  
  23  2:27  SCV  
  24  2:35  Barracks  
  23  2:41  SCV  
  24  2:46  Marine  
  25  2:53  SCV  
  26  3:04  Marine  
  27  3:05  Barracks Reactor  
  27  3:07  SCV  
  28  3:20  SCV  
  28  3:23  Barracks Reactor  
  29  3:27  Engineering Bay  
  29  3:28  Stimpack, Orbital Command  
  29  3:29  Marine  
  30  3:34  SCV  
  30  3:40  Supply Depot  
  31  3:43  Marine x2  
  33  3:49  SCV  
  33  3:51  Refinery  
  33  3:52  Marine  
  33  3:54  SCV  
  36  3:57  Terran Infantry Weapons Level 1  
  36  4:00  Marine  
  36  4:01  SCV, Marine  
  36  4:02  Marine x2  
  41  4:14  Missile Turret  
  41  4:16  Missile Turret  
  41  4:18  SCV x2  
  41  4:23  Marine x4  
  41  4:24  Marine  
  48  4:34  Missile Turret  
  48  4:35  SCV x2  
  50  4:43  Marine x3  
  50  4:44  Marine  
  50  4:45  Factory  
  54  4:51  Supply Depot  
  54  4:58  Supply Depot  
  54  5:05  SCV  
  54  5:06  Marine  
  54  5:13  SCV  
  53  5:24  Marine x4  
  57  5:34  Marine  
  57  5:44  Marine x4  
  57  5:46  Factory Reactor  
  61  5:52  Starport  
  61  5:53  Supply Depot  
  60  6:02  SCV x2  
  62  6:04  Refinery  
  62  6:15  Marine  
  62  6:16  Marine x4  
  66  6:34  Terran Infantry Armor Level 1  
  66  6:37  Armory  
  66  6:39  Engineering Bay  
  66  6:45  SCV x2  
  66  6:46  Factory Tech Lab  
  68  6:53  Marine  
  68  6:54  Marine x4  
  70  6:55  Command Center, Medivac x2  
  70  6:59  SCV  
  78  7:04  Barracks x2  
  78  7:05  Barracks  
  78  7:09  SCV  
  78  7:13  Marine x3  
  78  7:14  Marine x2  
  84  7:23  Supply Depot  
  84  7:26  Supply Depot  
  84  7:31  Siege Tank  
  87  7:42  SCV x2  
  87  7:43  Marine x5  
  94  7:45  Medivac  
  94  7:50  Terran Infantry Weapons Level 2  
  96  7:56  Supply Depot  
  96  8:05  SCV x2  
  98  8:07  Orbital Command  
  98  8:21  Barracks Tech Lab  
  98  8:22  Barracks Reactor, Barracks Tech Lab  
  98  8:24  Siege Tank  
  101  8:32  Barracks Tech Lab  
  101  8:35  Factory  
  101  8:37  Terran Infantry Armor Level 2  
  101  8:42  SCV  
  101  8:43  SCV x2  
  104  8:52  Marine x2  
  104  8:53  Marine x2  
  104  8:54  Marauder x2  
  112  8:56  Refinery  
  112  8:58  Refinery  
  107  9:22  Marine x6  
  107  9:23  Marauder x2  
  107  9:24  Siege Tank, Marauder  
  107  9:33  SCV x3  
  107  9:35  Refinery  
  110  9:42  Marine x2  
  110  9:43  Marine x4  
  116  9:45  Siege Tank  
  116  9:49  Marauder x3  
  123  9:59  Siege Tank  
  125  10:19  Marine x5  
  125  10:20  Marauder  
  132  10:23  Siege Tank  
  133  10:28  Viking x2  
  133  10:29  Marauder  
  133  10:33  Supply Depot  
  133  10:34  Supply Depot  
  134  10:36  Supply Depot  
  134  10:51  Marine x4  
  134  10:52  Marauder  
  134  10:55  Marauder  
  142  10:58  Viking x2  
  142  11:00  Command Center  
  146  11:08  Command Center, Marauder, Marine x2  
  134  11:38  Marine x3  
  134  11:39  Marauder x2, Marine  
  136  11:41  SCV x3  
  136  11:44  Marauder, Marine x2  
  136  11:45  Siege Tank x2  
  143  11:49  Terran Infantry Weapons Level 3  
  143  11:56  Marine  
  144  12:13  Terran Infantry Armor Level 3  
  144  12:15  Terran Vehicle Weapons Level 1  
  144  12:28  Viking  
  144  12:29  Viking  
  136  12:57  Marine x4  
  136  12:58  Marine x4  
  144  12:59  Medivac x2  
  148  13:08  Marine  
  148  13:09  SCV x2  
  148  13:10  Orbital Command  
  151  13:15  Marine x2  
  151  13:16  Marauder  
  145  13:41  Medivac x2  
  149  13:55  SCV x2  
  149  13:56  SCV x2  
  152  14:11  Planetary Fortress  
  152  14:14  SCV x4  
  156  14:20  Supply Depot x2  
  156  14:28  Starport  
  156  14:29  Starport, Terran Ship Weapons Level 1  
  156  14:30  Starport  
  156  14:33  Starport  
  156  15:09  Refinery x2  
  146  15:35  Starport Tech Lab x4  
  146  15:37  Building Armor  
  146  15:38  Hi-Sec Auto Tracking  
  146  15:40  Refinery  
  146  15:44  Refinery  
  146  15:49  Marine x5  
  151  15:50  Marauder x3, Marine  
  151  15:51  Siege Tank x2  
  151  15:53  Medivac  
  151  15:54  Command Center, Medivac  
  168  15:58  Command Center  
  168  16:04  Armory, Fusion Core  
  168  16:07  Liberator x5  
  168  16:15  Marine  
  168  16:16  Marine x6  
  168  16:17  Marauder x2  
  179  16:23  Siege Tank x2  
  193  17:05  Marine x4  
Show
View Real Time Build Order
Export as new Build Order

LilDicky Terran 

Build Orders: Mech, Banshee Rush 

Get SALT Encoding   

  12  0:01  SCV  
  13  0:13  SCV  
  14  0:18  Supply Depot  
  14  0:25  SCV  
  15  0:28  Refinery  
  15  0:39  SCV  
  16  0:45  Barracks  
  16  0:51  SCV  
  17  1:04  SCV  
  18  1:16  SCV  
  19  1:28  SCV  
  20  1:34  Reaper  
  21  1:40  Orbital Command  
  21  1:48  Command Center  
  21  2:04  Supply Depot  
  21  2:09  Bunker  
  21  2:13  Marine  
  22  2:17  SCV  
  22  2:18  Factory  
  23  2:38  Marine  
  23  2:46  Supply Depot  
  23  2:47  SCV  
  24  2:53  Refinery  
  24  2:56  Marine  
  25  2:59  SCV  
  25  3:01  Factory Tech Lab  
  25  3:03  Starport  
  25  3:05  Orbital Command  
  26  3:08  Refinery  
  26  3:11  SCV  
  27  3:16  Marine  
  28  3:27  SCV  
  29  3:39  SCV  
  30  3:41  SCV  
  30  3:44  Cloaking Field  
  30  3:45  Banshee  
  30  3:46  Widow Mine  
  36  3:49  Engineering Bay  
  36  3:50  Marine  
  36  3:51  SCV  
  38  3:59  SCV  
  39  4:04  SCV  
  40  4:11  SCV  
  40  4:15  Widow Mine  
  43  4:22  SCV  
  44  4:24  SCV  
  44  4:28  Banshee  
  48  4:31  Command Center, Missile Turret  
  48  4:34  SCV  
  48  4:35  Missile Turret  
  48  4:36  SCV, Marine  
  51  4:47  Factory Tech Lab  
  51  4:52  SCV  
  52  4:54  Marine  
  52  4:56  Supply Depot  
  52  4:59  SCV  
  54  5:18  SCV  
  55  5:22  SCV  
  55  5:23  Siege Tank  
  55  5:24  Banshee  
  62  5:43  SCV x2  
  64  5:56  SCV  
  59  5:57  Orbital Command  
  59  5:59  Siege Tank  
  62  6:06  SCV, Factory  
  62  6:09  Factory  
  63  6:20  SCV, Orbital Command  
  63  6:22  Starport Reactor  
  62  6:33  Sensor Tower  
  62  6:36  Siege Tank  
  65  6:47  SCV x3  
  65  6:52  Marine  
  65  6:53  Combat Shields  
  66  6:54  Factory Reactor x2  
  66  6:59  SCV x2  
  66  7:00  SCV  
  69  7:08  Siege Tank  
  69  7:10  Sensor Tower  
  69  7:11  SCV x2, Sensor Tower  
  69  7:12  SCV  
  75  7:16  Missile Turret  
  75  7:22  Liberator  
  75  7:31  Command Center  
  75  7:37  Command Center  
  75  7:39  Refinery  
  75  7:40  Refinery  
  75  7:41  Supply Depot x3  
  75  7:42  Supply Depot  
  75  7:43  SCV x3  
  75  7:44  Siege Tank  
  84  7:45  Hellion x4  
  92  8:02  Refinery, Missile Turret x2  
  92  8:05  Missile Turret  
  92  8:17  Hellion, Missile Turret, Widow Mine  
  92  8:18  Hellion x2, Widow Mine  
  92  8:19  Infernal Pre-Igniter  
  102  8:23  Armory  
  102  8:31  Supply Depot x2  
  102  8:32  Supply Depot  
  102  8:34  Supply Depot  
  102  8:44  Hellion x3  
  102  8:45  SCV x2  
  102  8:47  Siege Tank  
  113  9:01  Planetary Fortress  
  93  9:18  Liberator x2  
  93  9:19  Siege Tank  
  94  9:34  Command Center, Hellion x3  
  94  9:37  Command Center  
  106  9:42  Command Center  
  106  9:43  SCV x3, Missile Turret  
  109  9:46  Command Center  
  109  9:57  Planetary Fortress  
  109  10:01  Liberator  
  109  10:05  Siege Tank  
  112  10:14  Terran Vehicle And Ship Armor Level 1  
  112  10:18  Missile Turret  
  112  10:20  Widow Mine x3  
  121  10:21  Hellion  
  121  10:24  Missile Turret  
  121  10:27  Missile Turret  
  121  10:38  Hellion  
  123  10:43  Hellion  
  123  10:49  Hellion  
  131  10:50  Hellion x2  
  131  10:59  Hellion  
  135  11:04  Hellion  
  135  11:06  Refinery  
  135  11:09  Missile Turret  
  135  11:10  Refinery  
  135  11:11  Hellion, Missile Turret  
  129  11:15  Hellion  
  129  11:16  Hellion  
  127  11:20  Siege Tank  
  118  11:50  Planetary Fortress  
  118  11:52  Siege Tank  
  121  12:09  Command Center  
  121  12:13  Command Center, Hellion x4  
  127  12:17  Missile Turret  
  127  12:22  Orbital Command  
  127  12:24  Orbital Command  
  130  12:34  Hellion  
  116  12:49  Siege Tank  
  116  12:50  Hellion  
  105  13:22  Siege Tank  
  102  13:46  Hellion x4, Liberator x2  
  98  13:51  Factory  
  98  13:52  Terran Vehicle And Ship Armor Level 2  
  98  13:53  Factory  
  98  13:54  Armory, Siege Tank  
  101  14:05  Planetary Fortress  
  101  14:07  Command Center, Hellion  
  101  14:08  Hellion  
  111  14:10  Missile Turret  
  111  14:11  Missile Turret x2  
  111  14:13  Hellion x2  
  115  14:23  Building Armor  
  115  14:26  Hellion  
  115  14:29  Hellion x2  
  121  14:47  Siege Tank  
  121  14:50  Planetary Fortress  
  124  14:53  SCV x3  
  127  15:04  Factory Tech Lab x2, Hellion x2  
  129  15:18  Hellion  
  129  15:19  Hellion, Siege Tank  
  129  15:21  Planetary Fortress, Liberator  
  134  15:22  Liberator  
  134  15:23  Missile Turret  
  134  15:25  Hellion  
  134  15:26  Hellion x2  
  134  15:27  Hellion  
  142  15:34  SCV x2  
  144  15:40  Hellion x2  
  154  15:46  Hellion  
  154  15:48  Hellion x3  
  154  15:49  Missile Turret  
  162  15:51  Siege Tank, Refinery  
  162  15:54  Refinery  
  165  16:01  Hellion x2  
  169  16:08  Hellion, Drilling Claws  
  169  16:09  Hellion x2  
  175  16:16  Command Center  
  125  17:08  Hellion x3  
Tags
 
Add a new tag
Caveats
  • Supply blocks, unpowered buildings, or Contaminate may cause inaccurate times.
  • Supply counts are checked every 10 seconds.